Map: World of Sleepers LE

Players

pHARM

  • Race: Terran Terran
  • League: Platinum
  • Spawn Location: 7:00

TheNarnian - Winner!

  • Race: Terran Terran
  • League: Platinum
  • Spawn Location: 1:00

VOD

Have the link to the VOD?

Description

Time

  • Played on: Aug. 29, 2019, 7:25 p.m.
  • Length: 5:39
Show
View Real Time Build Order
Export as new Build Order

pHARM Terran 

Build Orders: Mech 

Get SALT Encoding   

  12  0:01  SCV  
  13  0:14  SCV  
  13  0:18  Supply Depot  
  14  0:27  SCV  
  15  0:40  SCV  
  15  0:41  Barracks  
  16  0:55  SCV  
  17  1:01  Refinery  
  17  1:07  SCV  
  18  1:20  SCV  
  19  1:32  SCV  
  20  1:34  Bunker  
  20  1:39  Command Center  
  20  1:44  SCV  
  20  1:45  Marine  
  22  1:56  Supply Depot  
  23  2:04  Orbital Command  
  21  2:31  Factory  
  21  2:33  SCV  
  21  2:36  Barracks Tech Lab  
  22  2:40  Refinery  
  22  2:45  SCV  
  23  2:53  Orbital Command  
  23  2:57  SCV  
  24  3:09  SCV  
  25  3:21  SCV  
  25  3:24  SCV  
  27  3:28  Siege Tank  
  27  3:33  SCV  
  31  3:36  SCV  
  32  3:45  SCV  
  32  3:48  SCV  
  34  3:58  SCV  
  34  3:59  Engineering Bay  
  34  4:00  Siege Tank, SCV  
  39  4:10  SCV  
  39  4:13  SCV  
  41  4:22  SCV  
  42  4:25  SCV, Factory  
  42  4:28  Factory  
  43  4:34  SCV  
  43  4:35  Command Center  
  43  4:37  SCV  
  45  4:41  Supply Depot  
  45  4:46  SCV  
  45  4:50  SCV  
  46  4:54  Siege Tank  
  46  4:58  SCV  
  45  5:14  Marine  
Show
View Real Time Build Order
Export as new Build Order

TheNarnian Terran - Winner!

Build Orders: 1/1/1, Liberator Opening 

Get SALT Encoding   

  12  0:01  SCV  
  13  0:16  Supply Depot  
  13  0:20  SCV  
  14  0:24  Refinery  
  14  0:32  SCV  
  15  0:43  Barracks  
  15  0:46  SCV  
  16  0:54  Refinery  
  16  0:58  SCV  
  17  1:10  SCV  
  18  1:30  Orbital Command  
  18  1:33  Factory  
  18  1:36  Marine  
  19  1:48  Supply Depot  
  19  1:54  Marine  
  19  1:56  SCV  
  21  2:08  SCV  
  21  2:12  Marine  
  23  2:16  Factory Tech Lab  
  23  2:24  Starport  
  23  2:32  Supply Depot  
  23  2:36  Marine  
  24  2:38  Siege Tank  
  24  2:42  SCV  
  28  2:54  Marine, SCV  
  30  3:00  Starport Reactor  
  30  3:06  SCV  
  30  3:11  Siege Tank  
  30  3:12  Marine  
  35  3:15  Supply Depot  
  35  3:29  Marine  
  36  3:37  Supply Depot, Viking  
  36  3:39  Viking  
  40  3:50  Liberator  
  40  3:52  Marine  
  41  4:09  Supply Depot, Viking  
  46  4:10  Marine  
  46  4:15  Siege Tank  
  50  4:28  Marine  
  51  4:47  Siege Tank  
  46  5:19  Marine  
Tags
 
Composition
Mech
Matchup
TvT
Race
Terran
Replay Pack
10.7.19
Spawn Locations
Cross Positions
Add a new tag
Caveats
  • Supply blocks, unpowered buildings, or Contaminate may cause inaccurate times.
  • Supply counts are checked every 10 seconds.